 Dungeon Crawl Stone Soup version 0.25.1-2-g60ff931df9 (webtiles) character file.

Game seed: 12167702557604033502

280 sankara the Chucker (level 6, -3/62 HPs)
             Began as an Ogre Hunter on Sept 1, 2020.
             Was a Follower of Okawaru.
             Killed by divine providence
             ... invoked by an orc priest
              (15 damage)
             ... on level 3 of the Dungeon.
             The game lasted 00:12:03 (4067 turns).

sankara the Chucker (Ogre Hunter)                   Turns: 4067, Time: 00:12:04

Health: -3/62      AC:  3    Str: 19    XL:     6   Next: 27%
Magic:  6/6        EV:  8    Int: 12    God:    Okawaru [*.....]
Gold:   101        SH:  7    Dex:  9    Spells: 5/5 levels left

rFire    . . .     SeeInvis .   a - +0 whip
rCold    . . .     Gourm    .   g - +0 kite shield
rNeg     . . .     Faith    .   b - +0 robe
rPois    .         Spirit   .   (helmet restricted)
rElec    .         Reflect  .   (no cloak)
rCorr    .         Harm     .   (gloves unavailable)
MR       .....                  (boots unavailable)
Stlth    +.........             (no amulet)
HPRegen  0.20/turn              (no ring)
MPRegen  0.10/turn              (no ring)

@: slowed, very slow
A: large, unfitting armour, tough skin 1
a: Heroism, Renounce Religion


You were on level 3 of the Dungeon.
You worshipped Okawaru.
Okawaru was aware of your devotion.
You were not hungry.

You visited 1 branch of the dungeon, and saw 3 of its levels.

You collected 101 gold pieces.

Inventory:

Hand Weapons
 a - a +0 whip (weapon)
 k - a +0 short sword
 m - a +0 mace
 q - a +0 hunting sling
 r - a +0 flail
Missiles
 c - 2 large rocks (quivered)
 d - a throwing net
 h - 132 stones
 j - 42 poisoned darts
 y - 2 boomerangs
Armour
 b - a +0 robe (worn)
 g - a +0 kite shield (worn)
Scrolls
 l - 2 scrolls of identify {unknown}
 o - 2 scrolls of blinking {unknown}
 p - 2 scrolls of magic mapping {unknown}
 t - 2 scrolls of teleportation {unknown}
 w - a scroll of fear {unknown}
 x - a scroll of amnesia {unknown}
Potions
 e - 2 potions of curing {unknown}
 i - a potion of haste {unknown}
 n - a potion of berserk rage {unknown}
 s - a potion of stabbing {unknown}
 u - 2 potions of degeneration {unknown}
Comestibles
 f - 4 rations


   Skills:
 + Level 4.3 Fighting
 * Level 2.5 Maces & Flails
 - Level 5.0 Throwing
 + Level 2.9 Dodging
 - Level 0.6 Stealth
 + Level 1.7 Shields


You had 5 spell levels left.
You didn't know any spells.
Your spell library was empty.

Dungeon Overview and Level Annotations

Branches:
Dungeon (3/15)

Altars:
Hepliaklqana
Makhleb
Okawaru


Innate Abilities, Weirdness & Mutations

You are too large for most types of armour.
You have tough skin. (AC +1)


Message History

You can now gain great but temporary skills.
Training target 5.0 for Throwing reached!
Your Throwing skill increases to level 5!
You block the orc priest's attack.
The orc priest hits you but does no damage.
You block the orc priest's attack.
Throwing (i - inventory. (/) - cycle)
c - 3 large rocks (quivered)
Press: ? - help, Shift-Dir - straight line, f - orc priest
Aim: an orc priest, wielding a +0 whip You throw a large rock.
The large rock hits the orc priest!
The orc priest is almost dead.
You block the orc priest's attack.
The orc priest hits you but does no damage.
Unknown command.
You closely miss the orc priest.
The orc priest is almost dead.
The orc priest closely misses you.
The orc priest calls down the wrath of Beogh upon you.
Beogh smites you!
You die...

#.#. #.#.. #### # ...
#.#.# ... ##. #.##>#.#
#.##.# #.#.#.# #....#
#.....# #..#.##
##.#.#.####
#.###.....###.##.......
#.....(......##....###.
######@########..#.###.
#o# #..#..... ..%
#..#####. ##.## #..# #.
#.# #.## ## #.# #.# #.#
#.# ## #.# ..#


You could see an orc priest.

Vanquished Creatures
  4 orc wizards (D:3)
  Terence (D:2)
  4 gnolls
  5 adders
  An ooze (D:1)
  A dart slug (D:1)
  A leopard gecko (D:2)
  4 orcs (D:3)
  7 bats
  A giant cockroach (D:1)
  7 goblins
  4 hobgoblins
  8 kobolds
  2 ball pythons
  3 frilled lizards
  7 rats
60 creatures vanquished.

Notes
Turn   | Place    | Note
-------+----------+-------------------------------------------
     0 | D:1      | sankara the Ogre Hunter began the quest for the Orb.
     0 | D:1      | Reached XP level 1. HP: 22/22 MP: 1/1
   471 | D:1      | Reached XP level 2. HP: 29/29 MP: 2/2
   805 | D:1      | Found an iron altar of Okawaru.
   813 | D:1      | Became a worshipper of Warmaster Okawaru
   960 | D:2      | Reached XP level 3. HP: 37/37 MP: 3/3
  1566 | D:2      | Reached skill level 1 in Maces & Flails
  1566 | D:2      | Reached XP level 4. HP: 21/45 MP: 4/4
  1821 | D:2      | Reached skill level 1 in Shields
  2136 | D:2      | Noticed Terence
  2139 | D:2      | Killed Terence
  2273 | D:2      | Reached XP level 5. HP: 39/54 MP: 5/5
  2383 | D:2      | Found a hazy altar of Hepliaklqana.
  3316 | D:3      | Found a burning altar of Makhleb.
  3819 | D:3      | Reached XP level 6. HP: 23/62 MP: 6/6
  4065 | D:3      | Reached * piety under Okawaru
  4065 | D:3      | Reached skill level 5 in Throwing
  4067 | D:3      | Killed from afar by an orc priest

Illustrated notes

Levels and vault maps discovered:
D:1:      minmay_arrival_pointy, layout_basic, okawaru_ov_weapons_minmay
D:2:      layout_basic, lemuel_coloured_pillars_altar, nrook_campfire,
          uniq_terence
D:3:      layout_loops_ring, lemuel_crystal_altar, first_ration,
          ebering_ghost_sewer_d

Skill      XL: |  1  2  3  4  5  6 |
---------------+-------------------+-----
Fighting       | 3 4 |  4.3
Dodging        | 2 |  2.9
Maces & Flails | 1 2 |  2.5
Shields        | 1 |  1.7
Throwing       | 5 |  5.0
Stealth        | |  0.6

Action                   |  1- 3 |  4- 6 || total
-------------------------+-------+-------++-------
Melee: Short sword       |    50 |       ||    50
       Mace              |    37 |       ||    37
       Whip              |       |   171 ||   171
Throw: Large rock        |    17 |    18 ||    35
       Throwing net      |     1 |       ||     1
  Eat: Ration            |       |     1 ||     1
       Chunk             |       |     7 ||     7
Armor: Robe              |    48 |    48 ||    96
Dodge: Dodged            |    50 |    64 ||   114
Block: Kite shield       |    38 |    55 ||    93
